 Dungeon Crawl Stone Soup version 0.29-a0-284-gf9362112df (webtiles) character file.

Game seed: 14492877065249277410

116 freelancePsychic the Firebug (level 5, -2/41 HPs)
             Began as a Hill Orc Fire Elementalist on Mar 20, 2022.
             Slain by Grinder (5 damage)
             ... while paralysed by Grinder
             ... on level 3 of the Dungeon.
             The game lasted 00:05:11 (2980 turns).

freelancePsychic the Firebug (HOFE)                 Turns: 2980, Time: 00:05:12

Health: -2/41      AC:  4    Str: 11    XL:     5   Next: 0%
Magic:  2/8        EV:  2    Int: 17    God:
Gold:   168        SH:  0    Dex: 11    Spells: 5/8 levels left

rFire   . . .      SeeInvis .   d - +1 dagger (venom)
rCold   . . .      Faith    .   (no shield)
rNeg    . . .      Spirit   .   a - +0 robe
rPois   .          Reflect  .   n - +1 hat
rElec   .          Harm     .   (no cloak)
rCorr   .          Rampage  .   (no gloves)
Will    .....                   i - +0 pair of boots
Stlth   ++........              (no amulet)
HPRegen 0.13/turn               (no ring)
MPRegen 0.11/turn               (no ring)

@: paralysed, brilliant
A: no striking features
a: no special abilities


You were on level 3 of the Dungeon.
You visited 1 branch of the dungeon, and saw 3 of its levels.

You collected 168 gold pieces.

Inventory:

Hand Weapons
 d - a +1 dagger of venom (weapon)
Armour
 a - a +0 robe (worn)
 f - a +0 buckler
 i - a +0 pair of boots (worn)
 n - a +1 hat (worn)
Scrolls
 b - a scroll of holy word {unknown}
 h - a scroll of blinking
 j - a scroll of amnesia {unknown}
 m - a scroll of teleportation {unknown}
Potions
 c - 2 potions of heal wounds {@q2}
 k - a potion of mutation {unknown}
 l - 2 potions of curing {unknown}


   Skills:
 + Level 2.1 Fighting
 - Level 1.5 Dodging
 - Level 1.5 Stealth
 - Level 2.0 Spellcasting
 - Level 1.7 Conjurations
 + Level 1.0 Hexes
 * Level 4.5 Fire Magic
 + Level 1.6 Invocations


You had 5 spell levels left.
You knew the following spells:

 Your Spells              Type           Power      Damage    Failure   Level
a - Foxfire               Conj/Fire      72%        2x1d7     5%          1
b - Scorch                Fire           50%        2d8       4%          2

Your spell library contained the following spells:

 Spells                   Type           Power      Damage    Failure   Level
 Conjure Flame            Conj/Fire      18%        6-21      16%         3
 Inner Flame              Hex/Fire       16%        N/A       19%         3
 Blink                    Tloc           4%         N/A       28%         2
 Flame Wave               Conj/Fire      18%        2d6       47%         4
 Lesser Beckoning         Tloc           2%         N/A       50%         3
 Manifold Assault         Tloc           2%         N/A       99%         5


Dungeon Overview and Level Annotations

Branches:
Dungeon (3/15)

Altars:

Annotations:
D:3 Grinder


Message History

Casting: Scorch (safe; 4% risk of failure)
Confirm with . or Enter, or press ? or * to list all spells.
You miscast Foxfire.
You are very lightly contaminated with residual magic.
Nothing appears to happen.
Grinder misses you.
It was a potion of brilliance.
You feel clever all of a sudden. Grinder gestures at you.
You suddenly lose the ability to move!
Grinder hits you.
You writhe in agony.
Grinder says, "At least Makhleb appreciates what I'm doing."
Grinder hits you.
You writhe in agony.
Grinder hits you. Grinder hits you but does no damage. Grinder hits you!
* * * LOW HITPOINT WARNING * * *
You writhe in agony.
* * * LOW HITPOINT WARNING * * *
Your magical contamination has completely faded away.
You can move again.
Unknown command.
You feel much better.
Grinder is no longer more vulnerable to fire.
Grinder barely misses you.
You barely miss Grinder.
Grinder is severely wounded.
Grinder hits you but does no damage.
You closely miss Grinder.
Grinder is severely wounded.
Grinder gestures at you.
You suddenly lose the ability to move!
Grinder hits you.
You writhe in agony.
Grinder says, "DUCK!"
Grinder hits you but does no damage. Grinder hits you.
You writhe in agony.
* * * LOW HITPOINT WARNING * * *
Grinder hits you!
* * * LOW HITPOINT WARNING * * *
You writhe in agony.
You die...

##############
.......<.....#
############.####
########
######.#...#
#.......
......##5#.##
#.###### ##..@....##
#.#
#.>......####.######
###.....(...........
#......####.######
#......# #.#
#.####.# #.# #.#
##.## #.#
#.###.).###.#
#....)......#


You could see Grinder.

Vanquished Creatures
  4 gnolls (D:2)
  An adder (D:3)
  3 dart slugs
  5 endoplasms
  3 giant cockroaches
  4 hobgoblins (D:1)
  4 jackals
  8 kobolds
  2 quokkas (D:1)
  6 ball pythons
  4 bats
  4 frilled lizards (D:1)
  7 goblins
  6 rats
61 creatures vanquished.

Vanquished Creatures (others)
  132 foxfires
132 creatures vanquished.

Grand Total: 193 creatures vanquished

Notes
Turn   | Place    | Note
-------+----------+-------------------------------------------
     0 | D:1      | freelancePsychic the Hill Orc Fire Elementalist began the
                  | quest for the Orb.
     0 | D:1      | Reached XP level 1. HP: 14/14 MP: 3/3
   225 | D:1      | Reached XP level 2. HP: 22/22 MP: 0/4
   238 | D:1      | Learned a level 2 spell: Scorch
   648 | D:1      | Reached XP level 3. HP: 26/27 MP: 0/6
   677 | D:1      | Reached skill level 1 in Fighting
  1498 | D:2      | Reached skill level 4 in Fire Magic
  1760 | D:2      | Reached skill level 1 in Invocations
  1760 | D:2      | Reached XP level 4. HP: 30/35 MP: 2/7
  2379 | D:3      | Noticed Grinder
  2640 | D:3      | Reached skill level 1 in Hexes
  2640 | D:3      | Reached XP level 5. HP: 12/41 MP: 3/8
  2958 | D:3      | Paralysed by Grinder for 3 turns
  2968 | D:3      | Paralysed by Grinder for 6 turns
  2973 | D:3      | HP: 1/41 [Grinder (5)]
  2976 | D:3      | Paralysed by Grinder for 7 turns
  2980 | D:3      | Slain by Grinder

Illustrated notes

Levels and vault maps discovered:
D:1:      dpeg_arrival_rhombi, layout_basic
D:2:      layout_loops_cross
D:3:      layout_loops_ring, uniq_grinder

Skill      XL: |  1  2  3  4 |
---------------+-------------+-----
Spellcasting   | 2 |  2.0
Fighting       | 1 2 |  2.1
Fire Magic     | 4 |  4.5
Invocations    | 1 |  1.6
Hexes          | 1 |  1.0
Dodging        | |  1.5
Stealth        | |  1.5
Conjurations   | |  1.7

Action                   |  1- 3 |  4- 6 || total
-------------------------+-------+-------++-------
Melee: Unarmed           |    31 |     2 ||    33
       Dagger            |       |     9 ||     9
 Cast: Foxfire           |    51 |    23 ||    74
       Scorch            |    18 |    10 ||    28
  Use: Scroll            |     1 |     2 ||     3
       Potion            |       |     3 ||     3
 Stab: Sleeping          |       |     1 ||     1
Armor: Robe              |     5 |     3 ||     8
Dodge: Dodged            |    37 |    10 ||    47

Table legend: (Time is in decaauts)
 A = Elapsed time spent in this place.
 B = Non-inter-level travel time spent in this place.
 C = Inter-level travel time spent in this place.
 D = Time resting spent in this place.
 E = Time spent auto-exploring this place.
 F = Levels seen in this place.
 G = Mean time per level.
                   A        B        C        D        E       F      G
               +--------+--------+--------+--------+--------+-----+--------+
         Total |   2981 |   2899 |     82 |      0 |   2389 |   3 |  993.7 |
       Dungeon |   2981 |   2899 |     82 |      0 |   2389 |   3 |  993.7 |
               +--------+--------+--------+--------+--------+-----+--------+

Top non-repeatable levels by time:
     D:1: 1323 daAuts
     D:2: 1296 daAuts
     D:3: 361 daAuts
